 Dungeon Crawl Stone Soup version 0.30.1-6-gbe392663c4 (webtiles) character file.

Game seed: 4231378420706355571

4 boopmooplesden the Covered (level 1, -1/19 HPs)
             Began as an Armataur Fighter on Sept 20, 2023.
             Slain by a goblin
             ... wielding a +0 club
              (2 damage)
             ... on level 1 of the Dungeon.
             The game lasted 00:00:12 (57 turns).

boopmooplesden the Covered (Armataur Fighter)         Turns: 57, Time: 00:00:13

Health: -1/19      AC:  6    Str: 21    XL:     1   Next: 58%
Magic:  1/1        EV:  7    Int:  8    God:
Gold:   0          SH:  4    Dex:  9    Spells: 0/0 levels left

rFire   . . .        a - +0 long sword
rCold   . . .        c - +0 buckler
rNeg    . . .        b - +0 scale mail
rPois   .            (no helmet)
rElec   .            (no cloak)
rCorr   .            (no gloves)
SInv    .            (no barding)
Will    .....        (no amulet) Stlth
                     (no ring)
HPRegen 0.23/turn    (no ring)
MPRegen 0.07/turn

%: roll
@: no status effects
A: large, rugged brown scales 3, deformed body, armoured tail, roll, long
tongue, awkward tongue
a: no special abilities


You were on level 1 of the Dungeon.
You visited 1 branch of the dungeon, and saw 1 of its levels.

Inventory:

Hand Weapons
 a - a +0 long sword (weapon)
Armour
 b - a +0 scale mail (worn)
 c - a +0 buckler (worn)
Potions
 d - a potion of might
 e - 2 potions of ambrosia {unknown}


   Skills:
 + Level 2.9 Fighting
 + Level 1.8 Long Blades
 + Level 3.6 Armour
 + Level 3.3 Shields


You couldn't memorise any spells.
You didn't know any spells.
Your spell library was empty.

Dungeon Overview and Level Annotations

Branches:
Dungeon (1/15)

Altars:


Innate Abilities, Weirdness & Mutations

You are completely covered in rugged brown scales. (AC +3, +7% HP)
Armour fits poorly on your strangely shaped body.
You have a long armoured tail.
You roll when moving toward enemies. (Rampage)
Your long tongue fully drains potion bottles. (2x potion effects)
Your tongue gives you trouble enunciating. (1.5x scroll delay)


Message History

The goblin barely misses you.
You hit the goblin.
Your tail-slap misses the goblin.
The goblin is moderately wounded.
The bat closely misses you.
The giant cockroach bites you but does no damage.
The bat hits you but does no damage. The goblin hits you but does no damage.
The giant cockroach bites you but does no damage.
You barely miss the goblin.
The goblin is moderately wounded.
The bat hits you but does no damage. The giant cockroach barely misses you.
The goblin hits you but does no damage. You block the giant cockroach's attack.
The goblin barely misses you.
You closely miss the goblin.
The goblin is moderately wounded.
The bat barely misses you.
The giant cockroach completely misses you.
The goblin hits you with a +0 club. The bat hits you but does no damage.
You barely miss the goblin.
Your tail-slap misses the goblin.
The goblin is moderately wounded.
The bat hits you but does no damage.
The giant cockroach bites you but does no damage.
The goblin hits you with a +0 club.
* * * LOW HITPOINT WARNING * * *
The giant cockroach bites you.
* * * LOW HITPOINT WARNING * * *
The giant cockroach closely misses you. You block the bat's attack.
You hit the giant cockroach.
The giant cockroach is severely wounded.
The bat hits you but does no damage. The bat closely misses you.
You block the goblin's attack.
The giant cockroach bites you but does no damage.
The bat hits you but does no damage. The goblin hits you but does no damage.
The giant cockroach bites you but does no damage.
You closely miss the giant cockroach.
The giant cockroach is severely wounded.
The bat barely misses you. You block the bat's attack.
The bat hits you but does no damage.
The giant cockroach bites you but does no damage.
The goblin hits you with a +0 club.
You die...

♣♣≈ ###♣♣♣♣♣♣≈≈ #####
#...♣.♣.≈≈≈ #...##
#.......~≈≈
###....#####.......≈≈~
#.................~~≈~ ##
#...............≈≈~~
#..###..##..#......~≈~~
#..B@####........~≈~.
#..†bg.####....♣.~≈~)
#........# #.)...≈≈≈~.
#............####♣♣♣≈≈≈♣♣
>.#..........# ≈≈≈≈♣ #
#..........# ≈≈≈≈♣
#..........# #..........#
##........##


You could see a giant cockroach, a goblin and a bat.

Vanquished Creatures
  A dart slug (D:1)
  A giant cockroach (D:1)
  A ball python (D:1)
3 creatures vanquished.

Notes
Turn   | Place    | Note
-------+----------+-------------------------------------------
     0 | D:1      | boopmooplesden the Armataur Fighter began the quest for the
                  | Orb.
     0 | D:1      | Reached XP level 1. HP: 19/19 MP: 1/1
    57 | D:1      | Slain by a goblin

Illustrated notes

Levels and vault maps discovered:
D:1:      lemuel_arrival_river_ford, layout_rooms,
          shapermc_ecumenical_altar_mp_highgroup

Action                     || total
---------------------------++-------
  Melee: Long sword        ||    18
 Armour: Scale mail        ||    32
  Dodge: Dodged            ||    25
  Block: Buckler           ||     8
